 Dungeon Crawl Stone Soup version 0.21-a0-26-g7b23a2f (webtiles) character file.

81 grindst0ne the Chopper (level 4, -1/35 HPs)
             Began as a Demonspawn Gladiator on May 25, 2017.
             Slain by Crazy Yiuf
             ... wielding a +2 quarterstaff of chaos
              (2 damage)
             ... on level 2 of the Dungeon.
             The game lasted 00:04:08 (2447 turns).

grindst0ne the Chopper (Demonspawn Gladiator)       Turns: 2447, Time: 00:04:09

Health: -1/35      AC: 10    Str: 16    XL:     4   Next: 20%
Magic:  4/4        EV:  9    Int:  9    God:
Gold:   85         SH:  0    Dex: 14    Spells: 3/3 levels left

rFire    . . .     SeeInvis .   a - +0 war axe
rCold    . . .     Gourm    .   (no shield)
rNeg     . . .     Faith    .   t - +0 chain mail
rPois    .         Spirit   .   c - +0 helmet
rElec    .         Reflect  .   (no cloak)
rCorr    .         Harm     .   k - +0 pair of gloves
MR       .....                  (no boots)
Stlth    ..........             (no amulet)
Regen    0.2/turn               (no ring)
MPRegen  0.1/turn               (no ring)

@: drained
A: repulsion field 1
a: no special abilities


You were on level 2 of the Dungeon.
You were not hungry.

You visited 1 branch of the dungeon, and saw 2 of its levels.

You collected 85 gold pieces.

Inventory:

Hand Weapons
 a - a +0 war axe (weapon)
Missiles
 d - 3 throwing nets (quivered)
Armour
 b - a +0 leather armour
 c - a +0 helmet (worn)
 k - a +0 pair of gloves (worn)
 t - a +0 chain mail (worn)
Scrolls
 h - a scroll of enchant armour {unknown}
 i - 2 scrolls of amnesia {unknown}
 j - a scroll of identify {unknown}
 m - a scroll of immolation {unknown}
 n - a scroll of remove curse {unknown}
 o - 3 scrolls of teleportation {unknown}
 q - a scroll of blinking {unknown}
 v - a scroll of enchant weapon {unknown}
Potions
 e - a potion of curing
 l - a potion of invisibility {unknown}
 p - a potion of haste {unknown}
 r - a potion of mutation {unknown}
 u - a potion of berserk rage {unknown}
Comestibles
 f - 2 bread rations
 g - 2 meat rations
 s - 2 royal jellies


   Skills:
 + Level 3.5(3.1) Fighting
 + Level 3.6(3.3) Axes
 - Level 1.7(1.4) Throwing
 - Level 2.6(2.3) Dodging


You had 3 spell levels left.
You didn't know any spells.

Dungeon Overview and Level Annotations

Branches:
Dungeon (2/15)

Altars:
Cheibriados

Annotations:
D:2 Crazy Yiuf


Innate Abilities, Weirdness & Mutations

You are surrounded by a mild repulsion field. (EV +2)


Message History

Crazy Yiuf hits you with a quarterstaff of chaos.
Crazy Yiuf burns you.
There is an open door here.
You completely miss Crazy Yiuf.
Crazy Yiuf screams, "East!
Spliff cloud dark."
Crazy Yiuf hits you with a quarterstaff of chaos.
Crazy Yiuf burns you.
You closely miss Crazy Yiuf.
Crazy Yiuf cries, "Seed pizzabubble tired!"
Crazy Yiuf hits you with a quarterstaff of chaos.
You hit Crazy Yiuf but do no damage.
Crazy Yiuf hits you with a quarterstaff of chaos!
Crazy Yiuf burns you.
You closely miss Crazy Yiuf.
Crazy Yiuf hits you with a quarterstaff of chaos!
* * * LOW HITPOINT WARNING * * *
You convulse.
* * * LOW HITPOINT WARNING * * *
Crazy Yiuf hits you with a quarterstaff of chaos.
You die...

####
########
#########..#
#####
#####..†....
........>..#
#..)#
#...........
...........#
#...#
#...........
#######....#
#.g.#
#.....######
# #....# #@#
#.....#
#######....#
##.# #.....#
....>##....#
#.## #.....#
.....##..###
##.# #.....#
###
.....##..#
#.## #.....#
#..
.....##..#
##.##
#.....# #.#
.....'...#
#...##
#.....# #.#
.....##..#
#PP.P#
##########.#
.....##..#
#....#
#..........#


You could see Crazy Yiuf.

Vanquished Creatures
  Terence (D:2)
  An ooze (D:2)
  2 dart slugs
  A leopard gecko (D:2)
  A ball python (D:1)
  9 bats
  4 goblins
  3 hobgoblins
  2 jackals (D:1)
  2 frilled lizards (D:1)
  9 kobolds
  8 rats
43 creatures vanquished.

Notes
Turn   | Place    | Note
-------+----------+-------------------------------------------
     0 | D:1      | grindst0ne the Demonspawn Gladiator began the quest for the Orb.
     0 | D:1      | Reached XP level 1. HP: 16/16 MP: 1/1
   309 | D:1      | Gained mutation: You are surrounded by a mild repulsion field. (EV +2) [demonic ancestry]
   309 | D:1      | Reached XP level 2. HP: 5/23 MP: 2/2
  1266 | D:1      | Reached XP level 3. HP: 28/29 MP: 3/3
  1399 | D:2      | Found a snail-covered altar of Cheibriados.
  1628 | D:2      | Found a runed door.
  1758 | D:2      | Noticed Terence
  1791 | D:2      | Killed Terence
  1791 | D:2      | Reached XP level 4. HP: 8/35 MP: 4/4
  2442 | D:2      | Noticed Crazy Yiuf
  2447 | D:2      | HP: 1/35 [Crazy Yiuf/quarterstaff of chaos (3)]
  2447 | D:2      | Slain by Crazy Yiuf

Vault maps used:
D:1:      nicolae_arrival_washed_ashore
D:2:      kennysheep_slug_shrine, serial_bayou_crossing, uniq_terence,
          uniq_crazy_yiuf_cottage

Skill      XL: |  1  2 |
---------------+-------+-----
Axes           | 3 |  3.6
Fighting       | 3 |  3.5
Throwing       | |  1.7
Dodging        | |  2.6

Action                   |  1- 3 |  4- 6 || total
-------------------------+-------+-------++-------
Melee: War axe           |   130 |    17 ||   147
 Stab: Sleeping          |     1 |       ||     1
  Eat: Chunk             |     3 |     2 ||     5
Armor: Leather armour    |    43 |       ||    43
       Chain mail        |       |    11 ||    11
Dodge: Dodged            |   113 |    10 ||   123
